[Event "Early-Titled-Tuesday-Blitz-November-28-2023"]
[Site "Chess.com"]
[Date "2023.11.28"]
[Round "3"]
[White "SaqoChess_Twitch"]
[Black "Zurability"]
[Result "1-0"]
[WhiteElo "2630"]
[BlackElo "2857"]
[TimeControl "180+1"]
[EndTime "8:29:31 PST"]
[Termination "SaqoChess_Twitch won by resignation"]

1. d4 Nf6 2. c4 e6 3. Nc3 Bb4 4. e3 O-O 5. a3 Be7 6. b4 d5 7. c5 a5 8. b5 c6 9. a4 e5 10. Nf3 exd4 11. exd4 b6 12. cxb6 Bb4 13. Bd2 Ne4 14.
Nxe4 dxe4 15. Bxb4 axb4 16. Ne5 Qxb6 17. Nc4 Qd8 18.
b6 Ba6 19. a5 Qg5 20. Qd2 Qd5 21. Ne3 Qg5 22. Qxb4 Bxf1 23. Kxf1 Na6 24. Qc4 Rfd8 25. h4 Qf6 26. Ra4 c5 27. dxc5 Rd2 28. Ng4 Qf4 29.
Qxe4 Rd1+ 30. Ke2 Qxe4+ 31. Rxe4 Rxh1 32. c6 Rc1 33. Ne5 f6 34. b7 Rd8 35. Nc4 Kf7 36. g4 g6 37. h5 Nc7 38. hxg6+ hxg6 39. f4 f5 40. gxf5 gxf5 41. Ne5+ Ke6 42. Rb4 Kd6 43. b8=Q Rxb8 44. Rxb8 Ra1 45. Rd8+ Kc5 46. Rd7 Ne6 47. c7 Ra2+ 48. Ke3 Nxc7 49. Rxc7+ Kd6 50. Rd7+ Ke6 51.
Ra7 Ra3+ 52. Nd3 Ra4 53. Ra8 Kd5 54. a6 Ra3 55. a7 Kc4 56. Rc8+ 1-0

[Event "Early-Titled-Tuesday-Blitz-November-28-2023"]
[Site "Chess.com"]
[Date "2023.11.28"]
[Round "3"]
[White "MikeSailer"]
[Black "GKARU"]
[Result "0-1"]
[WhiteElo "2050"]
[BlackElo "2531"]
[TimeControl "180+1"]
[EndTime "8:29:31 PST"]
[Termination "GKARU won on time"]

1. d4 Nf6 2. Bg5 Ne4 3. Bf4 d5 4. f3 Nf6 5. e3 c5 6. Nc3 a6 7.
dxc5 Nc6 8. Bg5 e6 9. Na4 h6 10.
Bh4 g5 11. Bg3 Nd7 12. e4 d4 13. Bd6 Bxd6 14. cxd6 Nde5 15. c3 Qxd6 16. cxd4 Qxd4 17. Qxd4 Nxd4 18. O-O-O Ndc6 19. Nb6 Rb8 20. Ne2 Nd7 21.
Nxc8 Rxc8 22. Nc3 Ke7 23. h4 Nde5 24. hxg5 hxg5 25. Rxh8 Rxh8 26. Na4 Rh1 27. Nc5 Nd8 28. Kc2 Rh2 29. Kc3 a5 30. a4 b6 31. Nb3 Ndc6 32.
Nd4 Nb4 33. Be2 Rxg2 34. Bb5 Rf2 35. Rh1 Nxf3 36. Nxf3 Rxf3+ 37. Kc4 Rf4 38. Bc6 Nxc6 39.
Kb5 Ne5 40. Kxb6 Rxe4 41. Kxa5 Nc4+ 42. Kb5 Nxb2 43. a5 Re5+ 44. Kb6 Nc4+ 0-1

[Event "Early-Titled-Tuesday-Blitz-November-28-2023"]
[Site "Chess.com"]
[Date "2023.11.28"]
[Round "3"]
[White "JuniorJumper"]
[Black "Nikolakis2014"]
[Result "0-1"]
[WhiteElo "2551"]
[BlackElo "2784"]
[TimeControl "180+1"]
[EndTime "8:29:33 PST"]
[Termination "Nikolakis2014 won on time"]

1. b3 Nf6 2. Bb2 g6 3. g3 Bg7 4. Bg2 d6 5. Nf3 O-O 6. d4 a5 7. c4 a4 8. O-O Nbd7 9. Nbd2 e5 10. dxe5 Ng4 11. e3 Ngxe5 12. Nxe5 Nxe5 13. Qe2 Bg4 14. f3 Be6 15. e4 a3 16. Bd4 c6 17. Rad1 Qc7 18. h3 Rae8 19. f4 Nd7 20. Bxg7 Kxg7 21. Qf2 f5 22. Nf3 fxe4 23. Ng5 Nf6 24. Qd4 d5 25. cxd5 Bxd5 26. Rfe1 Re7 27. Nxe4 Bxe4 28. Rxe4 Rd7 29. Qa1 Rxd1+ 30. Qxd1 Nxe4 31. Bxe4 Qe7 32. Qd4+ Qf6 33. Qb4 Rf7 34. Bg2 Qa1+ 35. Kh2 Qb2 36. h4 h5 37. Qd6 Qc3 38. Kh3 Qf6 39. Qxa3 Qe6+ 40. Kh2 Rd7 41. Qb4 Qf6 42. Bh3 Re7 43.
Bg2 Kh7 44. Qc5 Re2 45. Qc4 Qe7 46. Kh3 Rxa2 0-1

[Event "Early-Titled-Tuesday-Blitz-November-28-2023"]
[Site "Chess.com"]
[Date "2023.11.28"]
[Round "3"]
[White "Suspenser17"]
[Black "mbachez"]
[Result "0-1"]
[WhiteElo "2365"]
[BlackElo "2572"]
[TimeControl "180+1"]
[EndTime "8:29:36 PST"]
[Termination "mbachez won by resignation"]

1. e4 c6 2. d4 d5 3. e5 Qb6 4. a4 Bf5 5. h4 h6 6. g4 Bd7 7. h5 e6 8. c3 c5 9. a5 Qc7 10. f4 a6 11. Nf3 Nc6 12. Be3 Nxa5 13. dxc5 Bxc5 14. Nd4 Nc4 15. Bxc4 dxc4 16. Nd2 Ne7 17. Nxc4 O-O-O 18. Kf2 Bc6 19. Re1 g6 20. hxg6 Nxg6 21. Qb3 Bd5 22. Qa4 Nxf4 23. Bxf4 Bxc4 24. Rad1 Bd5 25. b4 Bb6 26. b5 a5 27. c4 Bxc4 28. Be3 Kb8 29. Nc6+ bxc6 30. Qxc4 Bxe3+ 31. Kxe3 Rxd1 32. Rxd1 Qxe5+ 33. Kf3 cxb5 34. Qc6 Qc7 35. Qxb5+ Qb7+ 36. Qxb7+ Kxb7 37. Rd7+ Kb6 38. Rxf7 a4 39. Re7 a3 40. Rxe6+ Kc5 41. Ra6 Kb4 42. Rb6+ Ka5 43. Rb7 Ra8 44. Kf4 a2 0-1

[Event "Early-Titled-Tuesday-Blitz-November-28-2023"]
[Site "Chess.com"]
[Date "2023.11.28"]
[Round "3"]
[White "Savagelittlemole"]
[Black "LaPiToB"]
[Result "1-0"]
[WhiteElo "2485"]
[BlackElo "2263"]
[TimeControl "180+1"]
[EndTime "8:29:36 PST"]
[Termination "Savagelittlemole won by resignation"]

1. e4 c6 2. d4 d5 3. exd5 cxd5 4. Nf3 Nc6 5. Bb5 Bg4 6. Nbd2 e6 7. O-O Bd6 8. h3 Bh5 9. c3 Ne7 10. Re1 O-O 11. Nf1 a6 12. Be2 b5 13. a3 Rc8 14.
N3h2 Bg6 15. Bd3 Bxd3 16. Qxd3 Na5 17. Bg5 Qc7 18. Rad1 h6 19. Bxe7 Qxe7 20. Ng4 Nc4 21.
Re2 Bb8 22. Nfe3 Qd6 23. Nxc4 bxc4 24. Qe3 h5 25. Ne5 f6 26. Nf3 Rfe8 27. g3 Re7 28.
Nh4 Kf7 29. Qf3 g6 30. Rde1 Rce8 31. Ng2 e5 32. dxe5 Rxe5 33. Rxe5 Rxe5 34. Rxe5 Qxe5 35. Ne3 Ke6 36. Kf1 Ba7 37. Ng2 g5 38. Qxh5 Kd6 39. Qf3 a5 40. a4 Kc6 41. h4 gxh4 42. gxh4 f5 43. Nf4 Kd6 44. h5 d4 45. cxd4 Bxd4 46. h6 Bxb2 47. h7 c3 48. Qd3+ Kc5 49. Qb5+ Kd6 50.
Qxe5+ Kxe5 51. Nd3+ Kd4 52. Nxb2 cxb2 53. h8=Q+ 1-0

[Event "Early-Titled-Tuesday-Blitz-November-28-2023"]
[Site "Chess.com"]
[Date "2023.11.28"]
[Round "3"]
[White "vladgoncharov"]
[Black "Goffredo_Fofi"]
[Result "1-0"]
[WhiteElo "2626"]
[BlackElo "2455"]
[TimeControl "180+1"]
[EndTime "8:29:37 PST"]
[Termination "vladgoncharov won on time"]

1. d4 c5 2. d5 e5 3. c4 d6 4. Nc3 Be7 5. g3 f5 6. e4 Nf6 7. Bd3 f4 8. gxf4 exf4 9. Bxf4 O-O 10. Bg3 Nbd7 11. f4 Qe8 12. Qe2 a6 13. O-O-O b5 14.
cxb5 axb5 15. Bxb5 Nh5 16. Rf1 Rb8 17. Bd3 Nb6 18. Bc2 Ra8 19. Rf2 Ba6 20. Bd3 Bxd3 21. Qxd3 Na4 22. Nge2 Rb8 23. b3 c4 24. Qxc4 Nxc3 25.
Nxc3 Rc8 26. Qd3 Bf6 27. e5 dxe5 28. Rc2 Rxc3 29. Qxc3 exf4 30. Qe1 fxg3 31. Qxe8 Rxe8 32. hxg3 Nxg3 33. Rd1 Ne2+ 34. Kd2 Nd4 35. Rc5 Nf5 36. Kd3 Nd6 37. Rd2 Bg5 38. Re2 Rf8 39. Re6 Bf4 40. Rc6 Nf5 41. Ke4 g5 42. d6 Ng3+ 43. Kd3 g4 44. d7 Nf5 45. Rc8 Bg5 46. Ree8 1-0

[Event "Early-Titled-Tuesday-Blitz-November-28-2023"]
[Site "Chess.com"]
[Date "2023.11.28"]
[Round "3"]
[White "AsaHoffmann"]
[Black "Ramla2020"]
[Result "0-1"]
[WhiteElo "2354"]
[BlackElo "2567"]
[TimeControl "180+1"]
[EndTime "8:29:37 PST"]
[Termination "Ramla2020 won on time"]

1. d4 Nf6 2. Bg5 Ne4 3. Bf4 d5 4. f3 Nf6 5. e4 dxe4 6. Nc3 exf3 7. Nxf3 e6 8. Ne5 Be7 9. Bd3 c5 10. dxc5 Bxc5 11. Qe2 Nc6 12. Nxc6 bxc6 13. O-O-O Qa5 14.
Be5 Nd5 15. Ne4 Bf8 16. Bc4 f6 17. Bd6 Bxd6 18. Nxd6+ Ke7 19. Nf5+ Kf7 20. Nd4 Qc7 21. Rhe1 Qd7 22. Qf3 Re8 23. Nxe6 Rxe6 24. Rxe6 Qxe6 25. Rxd5 Ke7 26. Rd4 Qf5 27. Rf4 Qc5 28. Re4+ Kf8 29. Qe3 Qxe3+ 30. Rxe3 Bd7 31. b3 Re8 32. Rxe8+ Kxe8 33.
Kd2 c5 34. Ke3 Ke7 35. c3 Kd6 36.
a3 Bf5 37. b4 g5 38. g3 h6 39.
Bd3 Be6 40. c4 Bd7 41. b5 Kc7 42. a4 Kb6 43. Bc2 Ka5 44. Ke4 Be6 45. Kd3 Kb4 46.
a5 Bxc4+ 47. Ke4 Bxb5 48. Kf5 Kxa5 49. Kxf6 Kb4 50. Kg6 Kc3 51. Be4 Bd3 0-1

[Event "Early-Titled-Tuesday-Blitz-November-28-2023"]
[Site "Chess.com"]
[Date "2023.11.28"]
[Round "3"]
[White "kkpanu9"]
[Black "Grammnik"]
[Result "1-0"]
[WhiteElo "2052"]
[BlackElo "2318"]
[TimeControl "180+1"]
[EndTime "8:29:37 PST"]
[Termination "kkpanu9 won on time"]

1. e4 c5 2. Nf3 d6 3. d4 cxd4 4. Nxd4 Nf6 5. Nc3 g6 6. Be3 Bg7 7. f3 Nc6 8. Qd2 h5 9. Bc4 Bd7 10. O-O-O Rc8 11. Bb3 Qa5 12. Kb1 Ne5 13. h4 Nc4 14.
Bxc4 Rxc4 15. Nb3 Qa6 16. Bg5 b5 17. e5 Nh7 18. exd6 e6 19. Ne4 Qc8 20. Rc1 f5 21.
Nf2 Nf6 22. Bxf6 Bxf6 23. g3 Qa6 24. Rhe1 Kf7 25. c3 Ra4 26. a3 Rc4 27. Nd4 Rhc8 28. Qh6 Bg7 29. Qg5 Qb7 30. Qe7+ Kg8 31. Nxe6 Bxe6 32.
Qxb7 Bf7 33. Re7 Rf8 34. d7 Bf6 35. Ree1 b4 36. axb4 a5 37. bxa5 Rc5 38. a6 Bd5 39. Qb6 Rc6 40. Qb5 Rb8 41. Qxb8+ Kf7 42. d8=Q Bxd8 43.
Qxd8 Rxa6 44. Qd7+ Kf6 45. Qxd5 Rb6 46. Re6+ Rxe6 47. Qxe6+ Kxe6 48. c4 Kd6 49. f4 1-0

[Event "Early-Titled-Tuesday-Blitz-November-28-2023"]
[Site "Chess.com"]
[Date "2023.11.28"]
[Round "3"]
[White "Azerichess"]
[Black "luckyswitchback"]
[Result "1/2-1/2"]
[WhiteElo "3030"]
[BlackElo "2787"]
[TimeControl "180+1"]
[EndTime "8:29:38 PST"]
[Termination "Game drawn by repetition"]

1. Nf3 d5 2. e3 Nf6 3. c4 e6 4. b3 b6 5. Bb2 Bb7 6. Nc3 Nbd7 7.
cxd5 exd5 8. g3 d4 9. Nb5 dxe3 10. fxe3 a6 11. Nbd4 c5 12. Nc2 Bd6 13. Be2 O-O 14. O-O Qc7 15. Nce1 Rad8 16. Ng2 Rfe8 17. Rc1 Ne5 18.
Nxe5 Bxe5 19. d4 Bd6 20. Rxf6 gxf6 21. Bf3 Bf8 22. d5 Re5 23. e4 Rde8 24. Bxe5 Qxe5 25. Ne3 Bh6 26. Ng4 Qg5 27. Nxh6+ Qxh6 28. Kh1 f5 29. exf5 Re3 30. Bg2 Rxg3 31. Qe1 Re3 32. Qd2 Rh3 33. Qxh6 Rxh6 34. b4 Bc8 35. bxc5 bxc5 36. Be4 Rh4 37. Rxc5 Rxe4 38. Rxc8+ Kg7 39. Ra8 Re5 40. d6 Rd5 41.
Rxa6 Kf6 42. a4 Kxf5 43. a5 Ke6 44. Ra8 Kxd6 45. a6 Kc7 46. Kg2 Ra5 47. Kg3 Kb6 48.
Kf4 Rxa6 49. Rxa6+ Kxa6 50. Kf5 Kb7 51. Kf6 Kc7 52.
Kxf7 h5 53. h4 Kd7 54. Kg6 Ke8 55. Kxh5 Kf8 56. Kh6 Kg8 57. Kg6 Kh8 58. Kh6 Kg8 59.
Kg6 Kh8 60. Kh6 Kg8 1/2-1/2

[Event "Early-Titled-Tuesday-Blitz-November-28-2023"]
[Site "Chess.com"]
[Date "2023.11.28"]
[Round "3"]
[White "Sychev_on_YouTube"]
[Black "belisarius64"]
[Result "1/2-1/2"]
[WhiteElo "2917"]
[BlackElo "2714"]
[TimeControl "180+1"]
[EndTime "8:29:38 PST"]
[Termination "Game drawn by repetition"]

1. e4 e5 2. Nf3 Nc6 3. Bb5 Nf6 4.
O-O Nxe4 5. d4 Nd6 6. dxe5 Nxb5 7. a4 Nbd4 8. Nxd4 d5 9. Nxc6 bxc6 10. Qf3 Qd7 11. Nd2 Be7 12. Nb3 O-O 13. Be3 f6 14. Nc5 Bxc5 15. Bxc5 Rf7 16. exf6 Rxf6 17. Qd3 Qf7 18. Rfe1 Bf5 19. Qe2 Re6 20. Qd2 a6 21. Rxe6 Qxe6 22. Re1 Qg6 23. Bd4 Re8 24. Rxe8+ Qxe8 25. f3 Bxc2 26. h3 Qg6 27. a5 Qf5 28. Qe3 h6 29.
Qe8+ Kh7 30. Qe7 Qg5 31. Qxc7 Qg6 32. Kh2 Bd3 33. Kg1 Bf5 34. Kh1 Bd3 35. Kg1 Bf5 36. Kh2 Bd3 37. Qf4 Bf1 38. Qd2 Bd3 39.
Qf2 Bb5 40. Bc3 Qd3 41. Qg3 Qg6 42. Qe1 c5 43. Be5 d4 44. Qg3 Qxg3+ 45. Kxg3 d3 46. Bc3 c4 47. Kf4 Kg6 48. g4 Kf7 49. h4 Bc6 50. h5 Ba4 51. Kg3 Bd1 52. f4 Be2 53. f5 Bd1 54. Kf4 Be2 55. Bd2 Bd1 56. Bc3 Be2 57. Bd2 Bd1 58. Bc3 1/2-1/2

[Event "Early-Titled-Tuesday-Blitz-November-28-2023"]
[Site "Chess.com"]
[Date "2023.11.28"]
[Round "3"]
[White "Ginzburg_Yakov"]
[Black "FrenchMonster2002"]
[Result "1-0"]
[WhiteElo "2600"]
[BlackElo "2419"]
[TimeControl "180+1"]
[EndTime "8:29:38 PST"]
[Termination "Ginzburg_Yakov won on time"]

1. e4 c5 2. Nf3 Nc6 3. Bb5 g6 4. O-O Bg7 5. c3 e5 6. d4 cxd4 7. cxd4 exd4 8. Bf4 a6 9. Ba4 d6 10. Nbd2 Ne7 11. Nc4 O-O 12. Nxd6 b5 13. Bb3 Na5 14.
Bd5 Nxd5 15. exd5 Bg4 16. h3 Bxf3 17. Qxf3 Nc4 18. Ne4 Nxb2 19. d6 Nc4 20. Rad1 Qb6 21. Rfe1 h6 22. g4 Rad8 23. g5 hxg5 24. Bxg5 f6 25.
Bf4 Rfe8 26. Bg3 Re6 27. Qg4 f5 28. Qh4 fxe4 29. Qg4 Rexd6 30. Qxe4 Rf8 31. Bxd6 Qxd6 32. Kh1 Qf6 33. Qd5+ Qf7 34. Re6 Qf3+ 35. Qxf3 Rxf3 36. Rxg6 Rxf2 37. Rdg1 Rf7 38. Rxa6 d3 39. Ra8+ Kh7 40. Rd8 d2 41. a4 bxa4 42. Rg4 Ne3 43. Rh4+ Bh6 44.
Rxd2 Rf1+ 45. Kh2 1-0

[Event "Early-Titled-Tuesday-Blitz-November-28-2023"]
[Site "Chess.com"]
[Date "2023.11.28"]
[Round "3"]
[White "K_A_S_T_O_R"]
[Black "CristianS27"]
[Result "1-0"]
[WhiteElo "2854"]
[BlackElo "2579"]
[TimeControl "180+1"]
[EndTime "8:29:40 PST"]
[Termination "K_A_S_T_O_R won by resignation"]

1. e4 e5 2. Nf3 Nc6 3. Bb5 a6 4. Ba4 Nf6 5. O-O Nxe4 6. d4 exd4 7. Re1 d5 8. Nxd4 Bd6 9. Nxc6 Bxh2+ 10. Kf1 Qh4 11.
Be3 O-O 12. Nd4 Bg4 13. Nf3 Qh5 14. Nc3 Rad8 15. Bd4 Bf4 16. Nxe4 Qh1+ 17. Ke2 Qxg2 18. Nd2 b5 19. Rg1 Rfe8+ 20. Kd3 Qh3 21. Rh1 Qg2 22.
Qg1 Bxf3 23. Qxg2 Bxg2 24. Rhg1 Be4+ 25. Nxe4 dxe4+ 26. Kc3 bxa4 27. Rxg7+ Kf8 28. Rxh7 Be5 29. Bxe5 Rxe5 30. Rh8+ Ke7 31. Rxd8 Kxd8 32. Rd1+ Ke7 33. Rd4 e3 34. fxe3 Rxe3+ 35. Kd2 Re6 36. Rxa4 f5 37. Kd3 Kf6 38. Rc4 Kg5 39. Rxc7 f4 40. Rf7 Kg4 41. c4 f3 42. c5 Kg3 43. b4 f2 44. a4 Kg2 45. b5 axb5 46. axb5 Rh6 47. c6 Rh3+ 48.
Ke2 Rb3 49. Rxf2+ Kg3 50. Rf5 Kg4 51. Rc5 Kf4 52. c7 1-0

[Event "Early-Titled-Tuesday-Blitz-November-28-2023"]
[Site "Chess.com"]
[Date "2023.11.28"]
[Round "3"]
[White "GlavkonVVS"]
[Black "Valy02chess"]
[Result "1-0"]
[WhiteElo "2544"]
[BlackElo "2259"]
[TimeControl "180+1"]
[EndTime "8:29:40 PST"]
[Termination "GlavkonVVS won by resignation"]

1. c4 Nf6 2. Nc3 g6 3. d4 Bg7 4.
Nf3 O-O 5. Bg5 c5 6. e3 d6 7. Be2 Bf5 8. O-O Nc6 9. Bd3 Bxd3 10. Qxd3 d5 11. dxc5 dxc4 12. Qxc4 Qa5 13. a3 Nd7 14. b4 Nce5 15. Nxe5 Nxe5 16. Qe4 Qa6 17. Nd5 Nc6 18. Nc7 Qa4 19. Nxa8 Bxa1 20. Rxa1 Rxa8 21.
h4 Rd8 22. h5 Qb3 23. h6 Qb2 24. Re1 Qxa3 25. b5 Qxc5 26. bxc6 Qxg5 27. cxb7 Qc5 28.
Rb1 Qc7 29. g3 Rb8 30. Qd5 e6 31. Qe4 Kf8 32. Qd4 Ke7 33. Qh4+ f6 34. Qb4+ Kf7 35.
Qb5 Ke7 36. Rb3 Kf7 37. Rb4 Ke7 38. Kg2 Kf7 39. g4 g5 40. f4 Kg6 41. f5+ exf5 42.
Qxf5+ Kxh6 43. Kf3 Kg7 44. Rb1 Rxb7 45. Rd1 Qc6+ 46.
Kg3 Qc7+ 47. Kf3 Qc6+ 48. Qe4 Qxe4+ 49. Kxe4 Rd7 50. Rxd7+ Kg6 51. Rxa7 h5 52. gxh5+ Kxh5 53. Kf5 1-0

[Event "Early-Titled-Tuesday-Blitz-November-28-2023"]
[Site "Chess.com"]
[Date "2023.11.28"]
[Round "3"]
[White "Kotofeyca"]
[Black "Witty_Alien"]
[Result "1-0"]
[WhiteElo "2456"]
[BlackElo "2249"]
[TimeControl "180+1"]
[EndTime "8:29:40 PST"]
[Termination "Kotofeyca won on time"]

1. d4 e5 2. dxe5 d6 3. Nf3 Nc6 4. Bg5 Qd7 5. exd6 Bxd6 6. Nc3 Nge7 7. e3 Ng6 8. Bd3 h6 9. Bh4 Nxh4 10. Nxh4 g6 11. Ne4 Be7 12. Nf3 Nb4 13. O-O Nxd3 14. Qxd3 Qf5 15. Ng3 Qa5 16. Qe4 h5 17. Rfd1 h4 18.
Rd5 Qb6 19. Re5 Be6 20. Ne2 Bf6 21. Qa4+ Kf8 22. Rb5 Qd6 23. Nfd4 Rd8 24. Qb4 Qxb4 25. Rxb4 Bd5 26. c4 c5 27. cxd5 cxb4 28. e4 h3 29. g3 Rc8 30. f4 Bxd4+ 31. Nxd4 Rc4 32. Rd1 Kg7 33. Kf2 Re8 34. Ke3 f5 35. e5 g5 36.
Nxf5+ Kg6 37. Nd4 gxf4+ 38. gxf4 Kh5 39. Ke4 b3 40. axb3 Rb4 41. d6 a5 42. f5 a4 43.
bxa4 Rxa4 44. e6 b5 45. d7 Rd8 46. e7 Rxd7 47. e8=Q+ Kh4 48. Qxd7 Rxd4+ 49. Rxd4 b4 50. Qh7+ 1-0

[Event "Early-Titled-Tuesday-Blitz-November-28-2023"]
[Site "Chess.com"]
[Date "2023.11.28"]
[Round "3"]
[White "Rud_Makarian"]
[Black "Andrei_Skvortsov"]
[Result "1-0"]
[WhiteElo "2982"]
[BlackElo "2732"]
[TimeControl "180+1"]
[EndTime "8:29:42 PST"]
[Termination "Rud_Makarian won on time"]

1. d4 g6 2. c4 Bg7 3. Nf3 e6 4. g3 Ne7 5. Bg2 O-O 6. O-O d5 7. e3 a6 8. Nbd2 b5 9. cxd5 exd5 10. Nb3 Nd7 11. Bd2 Nb6 12. Nc5 Nf5 13. b3 Nd7 14. Rc1 Nxc5 15. Rxc5 Ra7 16. Ba5 Re8 17. Qc2 Re7 18. Rc1 Be6 19. Bxc7 Qe8 20. Ne5 h5 21. Ba5 Bxe5 22. dxe5 Kh7 23. h4 d4 24. e4 Ng7 25.
Qd3 Red7 26. Rc6 Ra8 27. Bb6 Qb8 28. Bc7 Qa7 29. Bd6 Ne8 30. f4 Bg4 31. Kh2 Rad8 32. Bc5 Qb7 33. Bb4 Ng7 34. Ba5 Rf8 35. Rc7 Qb8 36.
Rxd7 Bxd7 37. Qxd4 Bg4 38. Qd6 Qa8 39. Qc6 Qa7 40. Qc5 Qa8 41. Qe7 Ne6 42. f5 Nd4 43. fxg6+ Kxg6 44. Qf6+ Kh7 45. Bd2 Ne6 46. Bb4 Rg8 47.
Qxf7+ Rg7 48. Qf6 Qe8 49. Rf1 1-0

[Event "Early-Titled-Tuesday-Blitz-November-28-2023"]
[Site "Chess.com"]
[Date "2023.11.28"]
[Round "3"]
[White "Kildepiotr"]
[Black "Nf3c5"]
[Result "1-0"]
[WhiteElo "2713"]
[BlackElo "2507"]
[TimeControl "180+1"]
[EndTime "8:29:42 PST"]
[Termination "Kildepiotr won on time"]

1. Nf3 d5 2. g3 Nf6 3. Bg2 c6 4. O-O Bf5 5. c4 e6 6. cxd5 cxd5 7. d3 Nc6 8. Nc3 Be7 9. Qb3 Qb6 10. Qc2 h6 11. e4 dxe4 12. dxe4 Bh7 13. Be3 Qa6 14.
Rfe1 Rc8 15. Bf1 Qa5 16. Qb3 Qb4 17. Nd2 O-O 18. f3 Rfd8 19. Rad1 Bc5 20. Qxb4 Bxe3+ 21.
Rxe3 Nxb4 22. Nc4 Rxd1 23. Nxd1 Nc6 24. Nc3 Rd8 25. Kf2 Kf8 26. Rd3 Rxd3 27. Bxd3 Ke7 28. Ke3 Nd7 29. f4 f6 30. a3 Bg8 31. b4 a6 32. Ne2 e5 33. f5 b5 34. Nd2 Nb6 35. Nf3 Na4 36. h4 Bf7 37. g4 Kd6 38. g5 hxg5 39.
hxg5 Kc7 40. g6 Bg8 41. Ng3 Kd6 42. Nh5 Ke7 43. Nxg7 Nd8 44. Nh5 Nc6 45. Nh2 Nb2 46. Ng4 Bc4 47. Bc2 a5 48. bxa5 Nxa5 49. Ngxf6 Bb3 50.
Bxb3 Nxb3 51. g7 1-0

[Event "Early-Titled-Tuesday-Blitz-November-28-2023"]
[Site "Chess.com"]
[Date "2023.11.28"]
[Round "3"]
[White "masenik"]
[Black "Andrii_Prydun"]
[Result "0-1"]
[WhiteElo "2497"]
[BlackElo "2390"]
[TimeControl "180+1"]
[EndTime "8:29:44 PST"]
[Termination "Andrii_Prydun won by resignation"]

1. e4 c5 2. Nf3 d6 3. d4 cxd4 4.
Nxd4 Nf6 5. Nc3 g6 6. Be3 Bg7 7. f3 Nc6 8. Qd2 O-O 9. O-O-O Bd7 10. Kb1 Qa5 11. Nb3 Qd8 12. h4 h5 13. g4 hxg4 14. h5 Nxh5 15. Rxh5 gxh5 16. Bh6 e6 17. fxg4 hxg4 18. Bxg7 Kxg7 19. Qxd6 Qf6 20. Nc5 Rad8 21. Qg3 Ne5 22. Nd3 Nxd3 23. Bxd3 Qg5 24. e5 Bc6 25. Rg1 Rd4 26. Ne2 Rfd8 27. Nxd4 Rxd4 28. Be2 Re4 29. Bxg4 Rxe5 30. Qf2 Kf8 31. Bxe6 Qe7 32. Bb3 Bd5 33. Qg3 Qf6 34. Bxd5 Rxd5 35. Qb8+ Rd8 36. Qxb7 Qd4 37. Rc1 Rd7 38. Qb8+ Ke7 39. a3 f5 40. Re1+ Kf6 41.
Qh8+ Kf7 42. Qe8+ Kf6 43. Re6+ Kg5 44. Qg6+ Kf4 45. Qh6+ Kf3 46. Qh3+ Kf4 47. Re1 Kg5 48. Rg1+ Qxg1+ 49. Ka2 Qd4 50. Qg3+ Kf6 51. c3 Qd5+ 52. Kb1 Qd3+ 53. Qxd3 Rxd3 0-1

[Event "Early-Titled-Tuesday-Blitz-November-28-2023"]
[Site "Chess.com"]
[Date "2023.11.28"]
[Round "3"]
[White "Pasmendjambvirgulptipon98"]
[Black "emeli_chess"]
[Result "1-0"]
[WhiteElo "2199"]
[BlackElo "2371"]
[TimeControl "180+1"]
[EndTime "8:29:44 PST"]
[Termination "Pasmendjambvirgulptipon98 won by checkmate"]

1. Nf3 f5 2. d4 Nf6 3. c4 g6 4. g3 Bg7 5. Bg2 O-O 6. Nc3 d6 7. O-O Qe8 8. Nd5 Nxd5 9. cxd5 e5 10. dxe6 Qxe6 11. Ng5 Qc4 12. Be3 Nc6 13. Rc1 Qb4 14. Bd5+ Kh8 15. Nf7+ Rxf7 16. Bxf7 Bd7 17. Qd2 Qxd2 18.
Bxd2 Rf8 19. Bc4 Bxd4 20. Bc3 Bxc3 21. Rxc3 Ne5 22. Bb3 c6 23. Rd1 d5 24. Bxd5 Ng4 25. Bc4 Nf6 26. Re3 b5 27. Bb3 c5 28. Bd5 c4 29. b3 Rc8 30. bxc4 bxc4 31. Rc3 Bb5 32.
Be6 Rc7 33. Rd6 Kg7 34. a4 Be8 35. Rxc4 Rxc4 36. Bxc4 Bxa4 37. Ra6 Bc6 38. Rxa7+ Kh6 39. f3 Kg5 40. Kf2 Ne8 41. Rxh7 Kf6 42. Rf7+ Kg5 43.
h4+ Kh6 44. e3 Nd6 45. Rc7 Ba4 46. Be2 g5 47. hxg5+ Kxg5 48. Ra7 Bc6 49. Ra6 Nf7 50. Rxc6 Ne5 51. Ra6 Nd7 52. f4# 1-0

[Event "Early-Titled-Tuesday-Blitz-November-28-2023"]
[Site "Chess.com"]
[Date "2023.11.28"]
[Round "3"]
[White "Vesper2018"]
[Black "vladoboch"]
[Result "1-0"]
[WhiteElo "2603"]
[BlackElo "2429"]
[TimeControl "180+1"]
[EndTime "8:29:45 PST"]
[Termination "Vesper2018 won on time"]

1. e4 e5 2. Nf3 Nc6 3. Bb5 a6 4. Ba4 Nf6 5. O-O b5 6. Bb3 Bc5 7. c3 d6 8. a4 Rb8 9. d4 Bb6 10.
a5 Ba7 11. h3 O-O 12. Re1 h6 13.
Be3 Re8 14. dxe5 dxe5 15. Qxd8 Rxd8 16. Bxa7 Nxa7 17. Nxe5 Be6 18. Bxe6 fxe6 19. Na3 Rd2 20. b4 Rbd8 21. c4 c6 22. Nf3 Rb2 23. e5 Nh5 24. Rad1 Rf8 25. Rb1 Ra2 26. Rb3 Rd8 27. cxb5 Nxb5 28.
Nxb5 cxb5 29. Rc3 Rb2 30. Rc6 Nf4 31. Rxa6 Rxb4 32. Rb6 Rd5 33. a6 Ra4 34. Rb1 Ne2+ 35. Kh2 Nc3 36. Rb3 Ne4 37. Rb2 Kf7 38. Rb7+ Kg6 39.
a7 Nc5 40. Rc7 Nd3 41. Rb3 b4 42. Nh4+ Kh7 43. Re7 Rda5 44. Rxe6 Rxa7 45. Rxd3 Ra3 46. Rd8 b3 47. Ree8 g5 48. Rh8+ Kg7 49. Nf5+ Kg6 50. g4 1-0

[Event "Early-Titled-Tuesday-Blitz-November-28-2023"]
[Site "Chess.com"]
[Date "2023.11.28"]
[Round "3"]
[White "bazar-wokzal"]
[Black "Cheer_Down"]
[Result "1/2-1/2"]
[WhiteElo "2633"]
[BlackElo "2490"]
[TimeControl "180+1"]
[EndTime "8:29:46 PST"]
[Termination "Game drawn by repetition"]

1. e4 e6 2. d4 d5 3. e5 c5 4.
c3 Nc6 5. Nf3 Nge7 6. Na3 cxd4 7. cxd4 Nf5 8. Nc2 Bd7 9. Bd3 Nb4 10. Nxb4 Bxb4+ 11. Bd2 Bxd2+ 12. Qxd2 Nh4 13. O-O-O Nxf3 14. gxf3 Qb6 15. Bc2 Rc8 16. Kb1 a5 17. Rhg1 g6 18.
Qh6 Rc4 19. Rg4 Rb4 20. b3 a4 21. Rd3 axb3 22. axb3 Bb5 23. Rc3 Bc6 24. Qf4 h5 25. Rg1 Qxd4 26. Qe3 Qxe3 27. fxe3 Ke7 28. Rd1 Ra8 29.
Kb2 Rb6 30. Rd4 Rba6 31. Bb1 Rg8 32. h4 Rc8 33. f4 Bd7 34. Rxc8 Bxc8 35. Rb4 Kd8 36.
Bd3 Rc6 37. Bb5 Rc5 38. Ba4 Kc7 39. Rd4 Bd7 40. b4 Rc4 41. Rxc4+ dxc4 42. Bc2 Bc6 43. Kc3 b5 44. Kd4 Bd7 45. Bb1 Kb6 46. Bc2 Bc6 47. Bb1 Be8 48. Bc2 Bc6 49. e4 Be8 50. f5 Bd7 51. f6 Be8 52. Bb1 Kc6 53. Bc2 Kb6 54.
Bb1 Kc6 55. Bc2 Kb6 1/2-1/2

[Event "Early-Titled-Tuesday-Blitz-November-28-2023"]
[Site "Chess.com"]
[Date "2023.11.28"]
[Round "3"]
[White "nochewycandy"]
[Black "TRadjabov"]
[Result "0-1"]
[WhiteElo "2772"]
[BlackElo "3022"]
[TimeControl "180+1"]
[EndTime "8:29:47 PST"]
[Termination "TRadjabov won by resignation"]

1. e4 e5 2. Nf3 Nc6 3. Bb5 a6 4. Ba4 Nf6 5. O-O d6 6. c3 Bd7 7. d4 g6 8. Re1 Bg7 9. Bc2 O-O 10.
Nbd2 Re8 11. Nf1 exd4 12. cxd4 Bg4 13. Ng3 Nh5 14. Be3 Nxg3 15. hxg3 Qf6 16. Rc1 Bxf3 17. gxf3 Nxd4 18. Bxd4 Qxd4 19. Qxd4 Bxd4 20. Bb3 c6 21. Re2 Re7 22. Rd1 c5 23. Bd5 Rc8 24. b3 b5 25. Rc2 Rcc7 26. a4 Kg7 27. Rdd2 h5 28.
Kg2 f5 29. Rd1 Kf6 30. Rdc1 Rh7 31. Ra2 h4 32. axb5 axb5 33. Ra6 Rcd7 34. gxh4 Rxh4 35. Bc6 Rdh7 36. Rc2 Rh1 37. f4 R7h2+ 38. Kf3 Rb1 39. exf5 gxf5 40. Kg3 Rh6 41. Bd5 Kg7 42. Re2 Bf6 43.
Re6 Bh4+ 44. Kf3 Rxe6 45. Bxe6 Be7 46. Bxf5 Rxb3+ 47. Kg4 Kf6 48. f3 c4 49. Be4 Rb2 50. Rb6 c3 51. Rc6 b4 52. Rc7 Rg2+ 53. Kh3 Re2 54.
Kg3 Ke6 55. f5+ Kf6 56. Bd3 Rd2 57. Be4 d5 58. Bb1 Bd6+ 0-1